 Dungeon Crawl Stone Soup version 0.27.0-1-g7a089689b8 (webtiles) character file.

Game seed: 1809828717759042975

26696 Mahakala the Basher (level 13, -3/79 HPs)
             Began as a Gargoyle Monk on July 31, 2021.
             Was a High Priest of Zin.
             Slain by a yak (10 damage)
             ... on level 4 of the Lair of Beasts.
             The game lasted 01:00:13 (13272 turns).

Mahakala the Basher (Gargoyle Monk)                Turns: 13272, Time: 01:00:13

Health: -3/79      AC: 32    Str: 20    XL:     13   Next: 27%
Magic:  20/20      EV:  6    Int: 11    God:    Zin [*****.]
Gold:   717        SH: 12    Dex: 12    Spells: 12/12 levels left

rFire    . . .     SeeInvis .   l - +0 flail (venom)
rCold    . . .     Faith    .   s - +0 kite shield
rNeg     + + .     Spirit   .   H - +0 plate armour
rPois    ∞         Reflect  .   t - +1 helmet
rElec    +         Harm     .   q - +2 cloak
rCorr    .         Rampage  .   (no gloves)
Will     .....                  (no boots)
Stlth    ..........             e - amulet of regeneration
HPRegen  1.23/turn              o - +4 ring of protection
MPRegen  0.17/turn              n - ring of positive energy

@: no status effects
A: sickness immunity, AC +9, negative energy resistance 1, electricity
resistance, torment resistance 1, petrification resistance
a: Renounce Religion, Recite, Vitalisation, Imprison, Sanctuary, Donate Gold


You were on level 4 of the Lair of Beasts.
You worshipped Zin.
Zin was extremely pleased with you.
You visited 3 branches of the dungeon, and saw 15 of its levels.
You also visited: Ice Cave.

You collected 796 gold pieces.
You donated 79 gold pieces to Zin.

Inventory:

Hand Weapons
 a - a +4 mace
 l - a +0 flail of venom (weapon)
Missiles
 f - 34 poisoned darts
 i - 323 stones
 x - 3 boomerangs (quivered)
 A - 12 javelins
 B - a curare-tipped dart {!f}
Armour
 q - a +2 cloak (worn)
 s - a +0 kite shield (worn)
 t - a +1 helmet (worn)
 H - a +0 plate armour (worn)
Jewellery
 b - an amulet of reflection
 e - an amulet of regeneration (around neck)
 g - a ring of wizardry
 n - a ring of positive energy (right hand)
 o - a +4 ring of protection (left hand)
 z - a ring of see invisible
Wands
 c - a wand of polymorph (21)
 d - a wand of iceblast (9)
 u - a wand of paralysis (15)
 v - a wand of digging (4)
 y - a wand of charming (17)
Scrolls
 h - 3 scrolls of teleportation {@r4}
 j - a scroll of enchant weapon {unknown}
 p - a scroll of holy word
 w - 3 scrolls of enchant armour
 D - 6 scrolls of identify {@r1}
 F - 2 scrolls of noise {!r}
 I - 6 scrolls of fear
 K - a scroll of acquirement {unknown}
 L - a scroll of magic mapping {unknown}
 M - a scroll of fog {unknown}
Potions
 k - 2 potions of haste {@q3}
 m - 3 potions of attraction {!q}
 r - 6 potions of curing {@q1}
 C - a potion of mutation {!q}
 E - 2 potions of lignification {unknown}
 G - a potion of ambrosia {unknown}
 J - 2 potions of heal wounds {unknown}
 N - a potion of might


   Skills:
 + Level 8.5 Fighting
 - Level 14.0 Maces & Flails
 - Level 5.0 Throwing
 + Level 7.7 Armour
 - Level 2.4 Dodging
 - Level 2.1 Stealth
 - Level 10.0 Shields
 + Level 9.7 Invocations


You had 12 spell levels left.
You didn't know any spells.
Your spell library contained the following spells:

 Spells                   Type           Power      Damage    Failure   Level
 Animate Skeleton         Necr           0%         N/A       100%        1
 Apportation              Tloc           0%         N/A       100%        1
 Corona                   Hex            0%         N/A       100%        1
 Magic Dart               Conj           0%         1d3       100%        1
 Summon Small Mammal      Summ           0%         N/A       100%        1
 Ensorcelled Hibernation  Hex/Ice        0%         N/A       100%        2
 Conjure Flame            Conj/Fire      0%         6-21      100%        3
 Ignite Poison            Fire/Tmut/Pois 0%         N/A       100%        3
 Spider Form              Tmut/Pois      0%         N/A       100%        3
 Stone Arrow              Conj/Erth      0%         3d7       100%        3
 Tukima's Dance           Hex            0%         N/A       100%        3
 Animate Armour           Summ/Erth      0%         N/A       100%        4
 Sticky Flame             Conj/Fire      0%         2d3       100%        4
 Bolt of Magma            Conj/Fire/Erth 0%         4d4       100%        5
 Freezing Cloud           Conj/Ice/Air   0%         6-21      100%        5
 Shadow Creatures         Summ           N/A        N/A       100%        6
 Simulacrum               Ice/Necr       0%         N/A       100%        6
 Lehudib's Crystal Spear  Conj/Erth      0%         10d2      100%        8
 Polar Vortex             Ice            0%         N/A       100%        9


Dungeon Overview and Level Annotations

Branches:
Dungeon (10/15)            Temple (1/1) D:5            Lair (4/6) D:10
 Shoals (0/4) Lair:3        Snake (0/4) Lair:4        IceCv (visited)
    Orc: D:9-12

Altars:
Ashenzari
Cheibriados
Dithmenos
Elyvilon
Fedhas
Gozag
Hepliaklqana
Kikubaaqudgha
Makhleb
Nemelex Xobeh
Okawaru
Qazlal
Ru
Sif Muna
Trog
Uskayaw
Vehumet
Wu Jian
Xom
Yredelemnul
Zin
The Shining One

Shops:
D:6 ?*

Portals:
Trove: D:10 (give horn of Geryon)

Annotations:
D:3 4 runed translucent doors, Crazy Yiuf; Lordarticus's ghost, weakling DrAE
D:9 Erolcha
Lair:1 exclusion: oklob plant


Innate Abilities, Weirdness & Mutations

You are immune to sickness and miasma.
Your stone body is resilient. (AC +9)
You are immune to poison.
You resist negative energy. (rN+)
You are resistant to electric shocks. (rElec)
You are resistant to unholy torment.
You are immune to petrification.


Message History

You hit the death yak.
The death yak is almost dead.
The catoblepas gores you!
* * * LOW HITPOINT WARNING * * *
You thump the death yak!
You kill the death yak!
The catoblepas gores you but does no damage.
You hit the cane toad but do no damage.
The cane toad is almost dead.
The cane toad stings you but does no damage.
You thump the cane toad!
You kill the cane toad!
You barely miss the yak.
The catoblepas gores you but does no damage.
You block the yak's attack.
You hit the yak but do no damage.
The yak is poisoned.
The catoblepas gores you but does no damage.
The yak gores you.
* * * LOW HITPOINT WARNING * * *
You closely miss the yak.
The catoblepas looks more healthy.
The catoblepas completely misses you. The yak gores you but does no damage.
You hit the yak.
The yak looks as sick as possible!
The yak is lightly wounded.
The yak gores you.
* * * LOW HITPOINT WARNING * * *
The catoblepas gores you!
* * * LOW HITPOINT WARNING * * *
You closely miss the yak.
The yak is moderately wounded.
The yak barely misses you. You block the yak's attack.
Unknown command.
You hit the yak but do no damage.
The yak is poisoned.
You block the catoblepas's attack. You block the yak's attack.
The yak gores you but does no damage.
You barely miss the yak. The catoblepas gores you!
* * * LOW HITPOINT WARNING * * *
The yak gores you.
* * * LOW HITPOINT WARNING * * *
The yak gores you!
You die...

.......................
.PP###.........§.......
##P..#######.######
#....# ....#.§..###
#...##.....###§...##
##....Y.####.#Y.....
##†#$.##!....#.####
#YY##.##.....§.#...
#Y@##.######§###..#
#..#...##....#....#
##.##.......##....#
#####......§§§§.##
###.########## ... .
###


You could see a catoblepas and 2 yaks.

Vanquished Creatures
  A fire dragon (D:10)
  3 hydras
  2 two-headed ogres
  3 death yaks (Lair:4)
  Urug (D:10)
  Nergalle (Lair:3)
  2 black mambas
  5 cane toads
  A komodo dragon (Lair:2)
  4 merfolk
  A troll (D:10)
  A hornet (D:7)
  6 slime creatures
  14 blink frogs
  A wraith (D:10)
  39 yaks
  5 wyverns
  3 basilisks
  A steam dragon (D:7)
  An acid dragon (D:9)
  8 water moccasins
  An ice beast (D:5)
  3 sky beasts
  2 orc warriors
  3 black bears
  A necrophage (D:5)
  An ogre (D:5)
  A wolf (D:10)
  6 centaurs
  A kobold brigand (D:6)
  5 bullfrogs
  A wyvern zombie (D:6)
  2 scorpions
  A cane toad simulacrum (IceCv)
  2 water moccasin skeletons
  6 killer bees (D:10)
  9 wights
  3 electric eels
  2 bullfrog zombies
  3 centaur zombies
  7 hounds
  A gnoll shaman (D:7)
  2 centaur skeletons (D:7)
  4 orc priests
  2 iguanas
  8 orc wizards
  2 polar bear simulacra (IceCv)
  A troll simulacrum (IceCv)
  2 spriggan simulacra (IceCv)
  A howler monkey zombie (D:10)
  12 gnolls
  An adder (D:3)
  A naga simulacrum (IceCv)
  15 white imps
  2 ufetubi
  2 worms
  2 dart slugs
  18 orcs
  4 bats
  6 endoplasms
  7 giant cockroaches
  8 hobgoblins
  4 jackals
  6 quokkas
  3 ball pythons
  2 frilled lizards (D:1)
  5 goblins
  13 kobolds
  4 rats
301 creatures vanquished.

Vanquished Creatures (others)
  A cane toad (Lair:1)
  An ufetubus (IceCv)
  11 fungi
  22 plants
35 creatures vanquished.

Grand Total: 336 creatures vanquished

Notes
Turn   | Place    | Note
-------+----------+-------------------------------------------
     0 | D:1      | Mahakala the Gargoyle Monk began the quest for the Orb.
     0 | D:1      | Reached XP level 1. HP: 14/14 MP: 1/1
   287 | D:1      | Reached XP level 2. HP: 19/19 MP: 2/2
   887 | D:1      | Reached XP level 3. HP: 24/24 MP: 3/3
  1616 | D:2      | Reached skill level 4 in Maces & Flails
  1713 | D:2      | Found a faded altar of an unknown god.
  2322 | D:3      | Found a runed translucent door.
  2323 | D:3      | Noticed Crazy Yiuf
  2379 | D:3      | Reached XP level 4. HP: 29/29 MP: 4/4
  2400 | D:3      | Reached skill level 1 in Armour
  2412 | D:3      | Reached skill level 1 in Shields
  2466 | D:3      | Reached XP level 5. HP: 33/33 MP: 5/5
  2692 | D:3      | Found a runed translucent gate.
  2693 | D:3      | Found a runed translucent gate.
  2694 | D:3      | Found a runed translucent gate.
  2696 | D:3      | Noticed Lordarticus's ghost (weakling DrAE)
  3084 | D:4      | Got the Incunabulum of Conjuration
  3148 | D:4      | You fall into a shaft and drop 1 floor!
  3148 | D:5      | Entered Level 5 of the Dungeon
  3175 | D:5      | Noticed a necrophage
  3191 | D:5      | Killed a necrophage
  3192 | D:5      | Reached skill level 5 in Maces & Flails
  3192 | D:5      | Reached XP level 6. HP: 38/38 MP: 6/6
  3265 | D:5      | Noticed a black bear
  3286 | D:5      | Killed a black bear
  3304 | D:5      | Reached XP level 7. HP: 42/42 MP: 7/7
  3342 | D:5      | Reached skill level 6 in Maces & Flails
  3428 | D:5      | Found a staircase to the Ecumenical Temple.
  3478 | Temple   | Entered the Ecumenical Temple
  3492 | Temple   | Became a worshipper of Zin the Law-Giver
  3492 | Temple   | Reached * piety under Zin
  3492 | Temple   | Reached ** piety under Zin
  3845 | D:4      | Reached skill level 7 in Maces & Flails
  3845 | D:4      | Reached XP level 8. HP: 48/48 MP: 8/8
  4140 | D:4      | Reached *** piety under Zin
  4450 | D:6      | Found Temneng's Magic Scroll Shoppe.
  4464 | D:6      | Reached skill level 1 in Invocations
  4734 | D:6      | Found an iron altar of Okawaru.
  4748 | D:6      | Found an ancient bone altar of Kikubaaqudgha.
  4913 | D:6      | Found a hide-covered altar of Uskayaw.
  5101 | D:6      | Found Caurhorch's Assorted Antiques.
  5248 | D:6      | Reached **** piety under Zin
  5426 | D:7      | Found a bloodstained altar of Trog.
  5499 | D:7      | Noticed a hornet
  5518 | D:7      | Killed a hornet
  5519 | D:7      | Reached skill level 8 in Maces & Flails
  5519 | D:7      | Reached skill level 5 in Shields
  5713 | D:6      | Reached XP level 9. HP: 28/52 MP: 10/12
  5970 | D:7      | Reached skill level 5 in Invocations
  6041 | D:7      | Noticed a two-headed ogre
  6074 | D:7      | Killed a two-headed ogre
  6075 | D:7      | Reached skill level 9 in Maces & Flails
  6842 | D:7      | Reached XP level 10. HP: 47/56 MP: 15/15
  7068 | D:7      | Reached skill level 10 in Maces & Flails
  7774 | D:9      | Reached skill level 5 in Armour
  7798 | D:9      | Noticed Erolcha
  7939 | D:9      | Reached ***** piety under Zin
  8219 | D:10     | Entered Level 10 of the Dungeon
  8310 | D:10     | Reached skill level 5 in Fighting
  8368 | D:10     | Noticed a two-headed ogre
  8398 | D:10     | Noticed Urug
  8408 | D:10     | Killed a two-headed ogre
  8409 | D:10     | Reached skill level 11 in Maces & Flails
  8409 | D:10     | Reached XP level 11. HP: 53/64 MP: 17/17
  8425 | D:10     | Killed Urug
  8587 | D:10     | Found a staircase to the Lair.
  8634 | D:10     | Noticed a fire dragon
  8678 | D:10     | Killed a fire dragon
  8875 | D:10     | Reached skill level 12 in Maces & Flails
  8937 | D:10     | Found a portal to a secret trove of treasure.
  9002 | Lair:1   | Entered Level 1 of the Lair of Beasts
  9096 | Lair:1   | You fall into a shaft and drop 1 floor!
  9160 | Lair:2   | Reached skill level 1 in Throwing
  9383 | Lair:1   | Noticed an eight-headed hydra
  9417 | Lair:1   | Killed an eight-headed hydra
  9418 | Lair:1   | Reached XP level 12. HP: 40/72 MP: 18/18
  9438 | Lair:1   | Found a frozen archway.
  9458 | IceCv    | Entered an ice cave
 10159 | Lair:1   | Reached skill level 13 in Maces & Flails
 10447 | Lair:1   | Reached ****** piety under Zin
 11086 | Lair:2   | Found an opulent altar of Gozag.
 11995 | Lair:3   | Found a staircase to the Shoals.
 12103 | Lair:3   | Noticed a seven-headed hydra
 12125 | Lair:3   | Killed a seven-headed hydra
 12130 | Lair:3   | Reached skill level 14 in Maces & Flails
 12149 | Lair:3   | Reached skill level 5 in Throwing
 12523 | Lair:3   | Noticed Nergalle
 12586 | Lair:3   | Killed Nergalle
 12587 | Lair:3   | Reached XP level 13. HP: 77/77 MP: 19/19
 13027 | Lair:4   | Reached skill level 10 in Shields
 13084 | Lair:4   | Found a staircase to the Snake Pit.
 13272 | Lair:4   | Slain by a yak

Illustrated notes

Levels and vault maps discovered:
D:1:      minmay_arrival_loop, layout_loops_corners
D:2:      layout_loops_ring, shapermc_ecumenical_altar_petra
D:3:      layout_loops_ring, gammafunk_ghost_necromancy,
          nicolae_underground_beach, uniq_crazy_yiuf_cottage
D:4:      layout_rooms
D:5:      layout_rooms, minmay_temple_entry_hall, serial_corexii_hall,
          corexii_hall_statues_l, corexii_hall_statues_x,
          corexii_hall_statues_u, st_stairs_2
D:6:      layout_basic, nicolae_uskayaw_dance_studio,
          mainiacjoe_overflow_large_starburst, serial_shops, shop, shop,
          nicolae_lava_and_water
D:7:      layout_gridville, old_standard_altar
D:8:      layout_rooms
D:9:      layout_rooms, uniq_erolcha
D:10:     layout_rooms, erik_lair_island, nicolae_trove_entry_columns, uniq_urug
Temple:   eino_narrow_crystal_temple
Lair:1:   layout_hall_layers, portal_ice_cave_entry_imps,
          minmay_lair_oklob_chamber
Lair:2:   layout_regular_city, basic_altar, minivault_11,
          chequers_serial_rivers_large_b
Lair:3:   layout_regular_city, elwin_shoals_entry_stream,
          infiniplex_staircase_pool, uniq_nergalle
Lair:4:   beast_lair_carwin_large_3, layout_cave_pods, dummy_snake_entry,
          lookout_lair_type, nzn_sisyphean_effort

Skill      XL: |  1  2  3  4  5  6  7  8  9 10 11 12 13 |
---------------+----------------------------------------+-----
Maces & Flails | 4 5 7 8 9 11 12 14 | 14.0
Armour         | 1 2 3 4 6 7 |  7.7
Shields        | 1 2 3 4 5 6 7 9 10 | 10.0
Invocations    | 4 7 8 9 |  9.7
Fighting       | 5 7 8 |  8.5
Throwing       | 2 5 |  5.0
Dodging        | |  2.4
Stealth        | |  2.1

Action                   |  1- 3 |  4- 6 |  7- 9 | 10-12 | 13-15 || total
-------------------------+-------+-------+-------+-------+-------++-------
Melee: Mace              |   128 |    19 |   118 |   151 |       ||   416
       Flail             |       |   109 |   361 |   968 |   179 ||  1617
Throw: Dart              |       |       |     2 |       |       ||     2
       Boomerang         |       |       |       |     6 |       ||     6
       Javelin           |       |       |       |     1 |       ||     1
       Throwing net      |       |       |       |     1 |       ||     1
Invok: Recite            |       |       |     7 |    10 |       ||    17
       Vitalisation      |       |       |       |     2 |       ||     2
       Sanctuary         |       |       |       |     1 |       ||     1
Evoke: Wand              |       |       |       |     4 |       ||     4
  Use: Scroll            |       |     9 |       |     7 |       ||    16
       Potion            |       |       |     1 |     1 |       ||     2
 Stab: Sleeping          |     3 |       |       |       |       ||     3
       Invisible         |       |       |     1 |       |       ||     1
       Paralysed         |       |       |       |     2 |       ||     2
       Held in net/web   |       |       |       |     1 |       ||     1
       Confused          |       |       |       |     1 |       ||     1
       Petrified         |       |       |       |       |    24 ||    24
       Petrifying        |       |       |       |       |     4 ||     4
Armor: Robe              |    20 |       |       |       |       ||    20
       Scale mail        |    26 |   118 |   329 |    82 |       ||   555
       Plate armour      |       |       |       |   655 |    91 ||   746
Dodge: Dodged            |    70 |    58 |   144 |   217 |    22 ||   511
Block: Kite shield       |    16 |    63 |   272 |   607 |    58 ||  1016
